 Seeded DCSS version 0.29.1-2-gbd0b4ee654 (webtiles) character file.

Game seed: 1 (custom seed)

74 Kazon the Trooper (level 4, 0/35 HPs)
             Began as a Mummy Fighter on Oct 28, 2022.
             Slain by a kobold
             ... wielding a +0 dagger
              (2 damage)
             ... on level 2 of the Dungeon.
             The game lasted 00:04:55 (1223 turns).

Kazon the Trooper (Mummy Fighter)                   Turns: 1223, Time: 00:04:55

Health: 0/35       AC: 10    Str: 21    XL:     4   Next: 10%
Magic:  4/4        EV:  9    Int:  7    God:
Gold:   1143       SH:  4    Dex: 11    Spells: 3/3 levels left

rFire   x . .      SeeInvis .   e - +2 dagger (venom)
rCold   + . .      Faith    .   c - +0 buckler
rNeg    + + +      Spirit   .   b - +0 scale mail
rPois   ∞          Reflect  .   g - +0 helmet
rElec   .          Harm     .   (no cloak)
rCorr   .          Rampage  .   (no gloves)
Will    .....                   h - +2 pair of boots
Stlth   ..........              d - amulet of the acrobat
HPRegen 0.11/turn               (no ring)
MPRegen 0.09/turn               (no ring)

@: no status effects
A: cold resistance 1, negative energy resistance 3, torment resistance 2, heat
vulnerability 1, in touch with death 1, no potions
a: no special abilities


You were on level 2 of the Dungeon.
You visited 1 branch of the dungeon, and saw 2 of its levels.

You collected 1143 gold pieces.

Inventory:

Hand Weapons
 a - a +0 long sword
 e - a +2 dagger of venom (weapon)
Missiles
 f - 11 stones (quivered)
 j - 3 boomerangs
Armour
 b - a +0 scale mail (worn)
 c - a +0 buckler (worn)
 g - a +0 helmet (worn)
 h - a +2 pair of boots (worn)
Jewellery
 d - an amulet of the acrobat (around neck)
Scrolls
 i - a scroll of immolation {unknown}
 k - a scroll of identify {unknown}


   Skills:
 * Level 3.5 Fighting
 + Level 2.3 Long Blades
 * Level 0.6 Throwing
 + Level 2.6 Armour
 + Level 0.9 Dodging
 + Level 2.6 Shields


You had 3 spell levels left.
You didn't know any spells.
Your spell library contained the following spells:

 Spells                   Type           Power      Damage    Failure   Level
 Apportation              Tloc           0%         N/A       86%         1
 Necrotise                Necr           0%         1d4       86%         1
 Sting                    Tmut/Pois      0%         1d3       86%         1
 Summon Small Mammal      Summ           0%         N/A       86%         1
 Poisonous Vapours        Pois/Air       0%         N/A       95%         2
 Olgreb's Toxic Radiance  Pois           0%         N/A       100%        4


Dungeon Overview and Level Annotations

Branches:
Dungeon (2/15)

Altars:


Innate Abilities, Weirdness & Mutations

You are immune to poison.
Your flesh is cold resistant. (rC+)
You are immune to negative energy. (rN+++)
You are immune to unholy pain and torment.
You are vulnerable to heat. (rF-)
You are in touch with the powers of death.
You do not drink.


Message History

You hit the gnoll.
The gnoll is poisoned.
The gnoll is moderately wounded.
The gnoll hits you with a +0 halberd. The gnoll hits you but does no damage.
You hit the gnoll.
The gnoll looks even sicker.
The gnoll is severely wounded.
The gnoll closely misses you. You block the gnoll's attack.
You completely miss the gnoll.
The gnoll is severely wounded.
The gnoll hits you with a +0 halberd! The gnoll hits you but does no damage.
You hit the gnoll but do no damage.
The gnoll is severely wounded.
The gnoll hits you with a +0 halberd!
* * * LOW HITPOINT WARNING * * *
The gnoll hits you from afar with a +0 spear.
* * * LOW HITPOINT WARNING * * *
You barely miss the gnoll.
The gnoll is severely wounded.
You kill the gnoll!
You block the gnoll's attack. The gnoll closely misses you.
Things that are here:
a +0 halberd; a gnoll corpse You hit the gnoll.
The gnoll is poisoned.
The gnoll is lightly wounded.
The gnoll hits you but does no damage.
You hit the gnoll.
The gnoll is moderately wounded.
You block the gnoll's attack.
You closely miss the gnoll.
The gnoll is moderately wounded.
You block the gnoll's attack.
You hit the gnoll.
The gnoll is almost dead.
You kill the gnoll!
You have reached level 4!
You closely miss the kobold. You block the kobold's attack.
You closely miss the kobold. You block the kobold's attack.
You completely miss the kobold. The kobold hits you but does no damage.
You closely miss the kobold. The kobold hits you with a +0 dagger.
You die...

..#
#...########
######## ###.#
........ #.#
......## #.#
#####.#
##.###.#
....#>#
#.#.#.#
#.#.#.#
..#g###...#@#
...... #..#K#
......##..#g##
......g#.)...#
..g..#.....#
...#†....#
#.##.#.....#
#....K.....#
...K.#.#.#.###


You could see a gnoll and a kobold.

Vanquished Creatures
  2 gnolls (D:2)
  2 adders (D:2)
  A worm (D:2)
  5 endoplasms
  A giant cockroach (D:1)
  7 goblins
  4 hobgoblins
  2 kobolds
  A quokka (D:1)
  2 ball pythons (D:2)
  2 bats
  2 frilled lizards (D:2)
  3 rats (D:1)
34 creatures vanquished.

Notes
Turn   | Place    | Note
-------+----------+-------------------------------------------
     0 | D:1      | Kazon the Mummy Fighter began the quest for the Orb.
     0 | D:1      | Reached XP level 1. HP: 18/18 MP: 1/1
    32 | D:1      | Identified a scroll of acquirement
    32 | D:1      | Acquired 976 gold pieces
   152 | D:1      | Reached XP level 2. HP: 19/24 MP: 2/2
   784 | D:2      | Gained mutation: You are in touch with the powers of death.
                  | [Mummy growth]
   784 | D:2      | Reached XP level 3. HP: 28/29 MP: 3/3
  1213 | D:2      | HP: 1/29 [gnoll/+0 spear (2)]
  1220 | D:2      | Reached XP level 4. HP: 1/35 MP: 4/4
  1223 | D:2      | Slain by a kobold

Illustrated notes

Levels and vault maps discovered:
D:1:      dpeg_arrival_three_smaller_balls, layout_basic
D:2:      layout_loops_ring

Skill      XL: |  1  2 |
---------------+-------+-----
Long Blades    | 2 |  2.3
Fighting       | |  3.5
Throwing       | |  0.6
Armour         | |  2.6
Dodging        | |  0.9
Shields        | |  2.6

Action                   |  1- 3 |  4- 6 || total
-------------------------+-------+-------++-------
Melee: Long sword        |   102 |       ||   102
       Dagger            |    17 |     4 ||    21
Throw: Stone             |     1 |       ||     1
  Use: Scroll            |     1 |       ||     1
Armor: Scale mail        |    69 |     1 ||    70
Dodge: Dodged            |    71 |       ||    71
Block: Buckler           |    27 |     2 ||    29
